 Dungeon Crawl Stone Soup version 0.27.1-1-g398f81649c (webtiles) character file.

Game seed: 2539111761255680944

368 MisterFreud the Basher (level 6, -12/47 HPs)
             Began as a Gnoll Wanderer on Sept 20, 2021.
             Mangled by Menkaure (14 damage)
             ... on level 4 of the Dungeon.
             The game lasted 00:05:18 (2742 turns).

MisterFreud the Basher (Gnoll Wanderer)             Turns: 2742, Time: 00:05:19

Health: -12/47     AC: 10    Str: 10    XL:     6   Next: 69%
Magic:  9/9        EV: 10    Int: 16    God:
Gold:   26         SH:  0    Dex: 10    Spells: 9/9 levels left

rFire    . . .     SeeInvis .   a - +2 mace
rCold    . . .     Faith    .   (no shield)
rNeg     . . .     Spirit   .   d - +0 ring mail
rPois    .         Reflect  .   (no helmet)
rElec    .         Harm     .   n - +0 cloak
rCorr    .         Rampage  .   i - +0 pair of gloves
Will     .....                  f - +0 pair of boots
Stlth    +.........             (no amulet)
HPRegen  0.15/turn              (no ring)
MPRegen  0.11/turn              (no ring)

@: mighty
A: fangs 1, strong nose, distributed training
a: no special abilities


You were on level 4 of the Dungeon.
You visited 1 branch of the dungeon, and saw 4 of its levels.
You also visited: Sewer.

You collected 157 gold pieces.
You spent 131 gold pieces at shops.

Inventory:

Hand Weapons
 a - a +2 mace (weapon)
 b - a +0 hand crossbow
Missiles
 c - 70 bolts
 g - 26 poisoned darts (quivered)
Armour
 d - a +0 ring mail (worn)
 f - a +0 pair of boots (worn)
 i - a +0 pair of gloves (worn)
 k - a +0 kite shield
 n - a +0 cloak (worn)
 q - a +0 troll leather armour {Purgy}
Scrolls
 h - a scroll of noise {unknown}
 j - a scroll of amnesia {unknown}
 m - 3 scrolls of identify
 r - 2 scrolls of enchant weapon {unknown}
 s - 3 scrolls of summoning {unknown}
 u - a scroll of teleportation
 v - a scroll of fog {unknown}
 w - a scroll of enchant armour {unknown}
 x - 2 scrolls of fear {unknown}
 y - a scroll of vulnerability {unknown}
Potions
 e - 2 potions of curing {unknown}
 l - 2 potions of might
 o - a potion of resistance {unknown}
 p - 2 potions of haste
 t - 2 potions of ambrosia {unknown}


   Skills:
 + Level 3.3 Fighting
 + Level 2.1 Short Blades
 + Level 2.1 Long Blades
 + Level 2.1 Axes
 + Level 8.8 Maces & Flails
 + Level 2.1 Polearms
 + Level 2.1 Staves
 + Level 2.1 Slings
 + Level 2.1 Bows
 + Level 2.1 Crossbows
 + Level 5.0 Throwing
 + Level 6.9 Armour
 + Level 2.1 Dodging
 + Level 2.1 Stealth
 + Level 2.1 Shields
 + Level 2.1 Unarmed Combat
 + Level 2.1 Spellcasting
 + Level 1.6 Conjurations
 + Level 1.6 Hexes
 + Level 1.6 Summonings
 + Level 1.6 Necromancy
 + Level 1.6 Translocations
 + Level 1.6 Transmutations
 + Level 1.6 Fire Magic
 + Level 1.6 Ice Magic
 + Level 1.6 Air Magic
 + Level 1.6 Earth Magic
 + Level 1.6 Poison Magic
 + Level 2.3 Invocations
 + Level 2.1 Evocations


You had 9 spell levels left.
You didn't know any spells.
Your spell library contained the following spells:

 Spells                   Type           Power      Damage    Failure   Level
 Corona                   Hex            7%         N/A       24%         1
 Ensorcelled Hibernation  Hex/Ice        14%        N/A       34%         2
 Dazzling Flash           Conj/Hex       14%        N/A       56%         3
 Tukima's Dance           Hex            7%         N/A       56%         3
 Iskenderun's Mystic Bla  Conj/Tloc      7%         2d4       93%         4
 Summon Forest            Summ/Tloc      3%         N/A       100%        5
 Eringya's Noxious Bog    Tmut/Pois      3%         N/A       100%        6
 Starburst                Conj/Fire      3%         6d3       100%        6
 Summon Hydra             Summ           3%         N/A       100%        7


Dungeon Overview and Level Annotations

Branches:
Dungeon (4/15)             Temple (0/1) D:4           Sewer (visited)

Altars:

Shops:
D:3 *??::

Annotations:
D:4 Menkaure


Innate Abilities, Weirdness & Mutations

You have very sharp teeth.
Your uncanny sense of smell can sniff out nearby items.
Your experience applies equally to all skills.


Message History

You hit the ball python.
You kill the ball python!
A ball python comes into view.
The ball python hisses angrily.
A ball python is nearby!
The ball python bites you but does no damage.
The ball python grabs you. The ball python constricts you.
The ball python barely misses you. The ball python constricts you.
A ball python is nearby!
You hit the ball python.
You bite the ball python, but do no damage.
The ball python is severely wounded.
The ball python bites you but does no damage.
The ball python constricts you.
You thump the ball python!
You kill the ball python!
Menkaure, Prince of Dust comes into view.
Menkaure shouts!
Menkaure calls on the powers of darkness!
Your body is wracked with pain!
Menkaure casts a spell.
Menkaure seems to speed up.
Menkaure is nearby!
Menkaure is nearby!
Menkaure hits you but does no damage.
You hit Menkaure.
Menkaure is moderately damaged.
Menkaure calls on the powers of darkness!
Your body is wracked with pain!
* * * LOW HITPOINT WARNING * * *
You are too injured to fight recklessly!
You are too injured to fight recklessly!
You hit Menkaure.
Menkaure is moderately damaged.
Menkaure hits you!
* * * LOW HITPOINT WARNING * * *
It was a potion of might.
You feel very mighty all of a sudden. Menkaure hits you!
You die...

∆# .# ##.# ####
...###
##...#######......
........M@......#
.........###..#.##
#........#...##
#.........###
##.....#.## ∆
#........# ### .
#........# ##.# #.
#........# #..#
#.####......##
#..#


You could see Menkaure (fast).

Vanquished Creatures
  Sigmund (D:4)
  Purgy (Sewer)
  5 adders
  A river rat (D:3)
  A shadow imp (D:4)
  3 worms
  8 bats
  5 endoplasms
  3 jackals (D:1)
  2 kobolds
  8 ball pythons
  3 frilled lizards
  3 goblins
  4 rats (D:3)
48 creatures vanquished.

Notes
Turn   | Place    | Note
-------+----------+-------------------------------------------
     0 | D:1      | MisterFreud the Gnoll Wanderer began the quest for the Orb.
     0 | D:1      | MisterFreud set off with the following items: a +2 mace, a
                  | +0 hand crossbow, 26 bolts, a +0 ring mail
     0 | D:1      | Reached XP level 1. HP: 17/17 MP: 1/1
   282 | D:1      | You fall into a shaft and drop 1 floor!
   476 | D:1      | Reached XP level 2. HP: 23/23 MP: 2/2
  1201 | D:2      | Reached XP level 3. HP: 25/28 MP: 2/4
  1345 | D:2      | Reached skill level 1 in Invocations
  1533 | D:3      | Found Lexzil's Assorted Antiques.
  1646 | D:3      | Found Vyxifog's Magic Scroll Shoppe.
  1654 | D:3      | Reached skill level 1 in Short Blades
  1654 | D:3      | Reached skill level 1 in Long Blades
  1654 | D:3      | Reached skill level 1 in Axes
  1654 | D:3      | Reached skill level 1 in Polearms
  1654 | D:3      | Reached skill level 1 in Staves
  1654 | D:3      | Reached skill level 1 in Slings
  1654 | D:3      | Reached skill level 1 in Bows
  1654 | D:3      | Reached skill level 1 in Crossbows
  1654 | D:3      | Reached skill level 1 in Dodging
  1654 | D:3      | Reached skill level 1 in Stealth
  1654 | D:3      | Reached skill level 1 in Shields
  1654 | D:3      | Reached skill level 1 in Unarmed Combat
  1654 | D:3      | Reached skill level 1 in Spellcasting
  1654 | D:3      | Reached skill level 1 in Evocations
  1678 | D:3      | Found Koeleoloufo's Book Shoppe.
  1685 | D:3      | Reached XP level 4. HP: 33/34 MP: 5/5
  1867 | D:3      | Found a glowing drain.
  1885 | Sewer    | Entered a sewer
  1917 | Sewer    | Noticed Purgy
  1948 | Sewer    | Killed Purgy
  1949 | Sewer    | Reached skill level 1 in Conjurations
  1949 | Sewer    | Reached skill level 1 in Hexes
  1949 | Sewer    | Reached skill level 1 in Summonings
  1949 | Sewer    | Reached skill level 1 in Necromancy
  1949 | Sewer    | Reached skill level 1 in Translocations
  1949 | Sewer    | Reached skill level 1 in Transmutations
  1949 | Sewer    | Reached skill level 1 in Fire Magic
  1949 | Sewer    | Reached skill level 1 in Ice Magic
  1949 | Sewer    | Reached skill level 1 in Air Magic
  1949 | Sewer    | Reached skill level 1 in Earth Magic
  1949 | Sewer    | Reached skill level 1 in Poison Magic
  1949 | Sewer    | Reached XP level 5. HP: 22/41 MP: 5/7
  2196 | D:3      | Found Pocryato's Book Boutique.
  2467 | D:3      | Found Lutemuj's Magic Scroll Shop.
  2474 | D:3      | Bought a scroll of teleportation for 30 gold pieces
  2474 | D:3      | Bought a scroll of identify for 20 gold pieces
  2547 | D:3      | Bought a scroll labelled NOXKOA FERGHE for 21 gold pieces
  2547 | D:3      | Bought a scroll labelled BORATU PAMEATI for 21 gold pieces
  2547 | D:3      | Bought a scroll labelled JOCKUXZ AMPIG for 21 gold pieces
  2547 | D:3      | Bought a metallic yellow potion for 18 gold pieces
  2601 | D:4      | Noticed Sigmund
  2620 | D:4      | Killed Sigmund
  2621 | D:4      | Reached skill level 5 in Throwing
  2621 | D:4      | Reached XP level 6. HP: 46/47 MP: 7/9
  2693 | D:4      | Found a staircase to the Ecumenical Temple.
  2737 | D:4      | Noticed Menkaure
  2741 | D:4      | HP: 2/47 [Menkaure (13)]
  2742 | D:4      | Mangled by Menkaure

Illustrated notes

Levels and vault maps discovered:
D:1:      dpeg_arrival_connections, layout_basic, minmay_misc_feat_more_columns
D:2:      layout_loops_ring, hangedman_decor_peaks_small
D:3:      layout_loops_ring, serial_shops, nicolae_shop_crystal, shop,
          nicolae_shop_competitors_out_of_business, nicolae_shop_waterfront,
          nicolae_shop_stone, portal_sewer_entry_b
D:4:      layout_rooms, nicolae_hepliaklqana_hippocampus,
          mainiacjoe_overflow_swirl, minmay_temple_entry_overgrown,
          uniq_sigmund, uniq_menkaure

Skill      XL: |  1  2  3  4  5 |
---------------+----------------+-----
Invocations    | 1 2 |  2.3
Short Blades   | 1 2 |  2.1
Long Blades    | 1 2 |  2.1
Axes           | 1 2 |  2.1
Polearms       | 1 2 |  2.1
Staves         | 1 2 |  2.1
Slings         | 1 2 |  2.1
Bows           | 1 2 |  2.1
Crossbows      | 1 2 |  2.1
Dodging        | 1 2 |  2.1
Stealth        | 1 2 |  2.1
Shields        | 1 2 |  2.1
Unarmed Combat | 1 2 |  2.1
Spellcasting   | 1 2 |  2.1
Evocations     | 1 2 |  2.1
Fighting       | 3 |  3.3
Conjurations   | 1 |  1.6
Hexes          | 1 |  1.6
Summonings     | 1 |  1.6
Necromancy     | 1 |  1.6
Translocations | 1 |  1.6
Transmutations | 1 |  1.6
Fire Magic     | 1 |  1.6
Ice Magic      | 1 |  1.6
Air Magic      | 1 |  1.6
Earth Magic    | 1 |  1.6
Poison Magic   | 1 |  1.6
Throwing       | 5 |  5.0
Maces & Flails | |  8.8
Armour         | |  6.9

Action                   |  1- 3 |  4- 6 || total
-------------------------+-------+-------++-------
Melee: Mace              |    76 |    94 ||   170
       Bite              |     4 |     5 ||     9
Throw: Dart              |       |     1 ||     1
  Use: Potion            |       |     1 ||     1
Armor: Ring mail         |    33 |    69 ||   102
Dodge: Dodged            |    41 |    67 ||   108
